 Dungeon Crawl Stone Soup version 0.31-a0-1074-g0b22e4e0f1 (webtiles) character file.

Game seed: 15492865287307722694

98 grandjackal the Trooper (level 4, -1/48 HPs)
             Began as an Ogre Warper on Nov 29, 2023.
             Slain by Natasha (8 damage)
             ... on level 2 of the Dungeon.
             The game lasted 00:03:18 (1884 turns).

grandjackal the Trooper (Ogre Warper)               Turns: 1884, Time: 00:03:19

Health: -1/48      AC:  3    Str: 15    XL:     4   Next: 69%
Magic:  9/9        EV:  9    Int: 16    God:
Gold:   46         SH:  0    Dex:  8    Spells: 6/10 levels left

rFire   . . .        a - +0 mace
rCold   . . .        (no shield)
rNeg    . . .        b - +0 robe
rPois   .            (helmet restricted)
rElec   .            (no cloak)
rCorr   .            (gloves unavailable)
SInv    .            (boots unavailable)
Will    .....        (no amulet)
Stlth   +            (no ring)
HPRegen 0.28/turn    (no ring)
MPRegen 0.11/turn

%: no passive effects
@: slowed, very slow
A: large, unfitting armour, tough skin 1
a: no special abilities


You were on level 2 of the Dungeon.
You visited 1 branch of the dungeon, and saw 2 of its levels.

You collected 46 gold pieces.

Inventory:

Hand Weapons
 a - a +0 mace (weapon)
Missiles
 d - 11 darts of dispersal (quivered)
 j - 2 poisoned darts
Armour
 b - a +0 robe (worn)
Jewellery
 f - a ring of see invisible
Scrolls
 c - a scroll of blinking
 e - 2 scrolls of identify {unknown}
 g - 2 scrolls of enchant armour {unknown}
 h - 2 scrolls of amnesia {unknown}
 i - a scroll of teleportation {unknown}


   Skills:
 + Level 4.1 Fighting
 - Level 2.0 Maces & Flails
 - Level 1.0 Throwing
 - Level 2.1 Dodging
 + Level 3.5 Spellcasting
 - Level 3.0 Translocations
 + Level 1.3 Air Magic


You had 6 spell levels left.
You knew the following spells:

 Your Spells              Type           Power      Damage    Failure   Level
a - Blink                 Tloc           24%        N/A       8%          2
b - Static Discharge      Conj/Air       8%         3-4/arc   21%         2

Your spell library contained the following spells:

 Spells                   Type           Power      Damage    Failure   Level
 Lesser Beckoning         Tloc           24%        N/A       8%          2
 Teleport Other           Tloc           12%        N/A       16%         3
 Manifold Assault         Tloc           12%        N/A       45%         4
 Vhi's Electric Charge    Tloc/Air       18%        N/A       56%         4
 Airstrike                Air            3%         2d(1-17)  71%         4
 Summon Lightning Spire   Summ/Air       4%         N/A       80%         4


Dungeon Overview and Level Annotations

Branches:
Dungeon (2/15)

Altars:

Annotations:
D:2 Natasha


Innate Abilities, Weirdness & Mutations

You are too large for most types of armour.
You have tough skin. (AC +1)


Message History

You hit Natasha but do no damage. Natasha claws you.
You closely miss Natasha. Natasha claws you.
You miss Natasha. Natasha barely misses you. Natasha casts a spell at you.
The magic dart hits you!
You closely miss Natasha. Natasha claws you!
* * * LOW HITPOINT WARNING * * *
You hit Natasha.
Natasha is lightly wounded.
Natasha claws you but does no damage.
You aren't carrying any potions.
You closely miss Natasha.
Natasha is lightly wounded.
Natasha closely misses you. Natasha claws you but does no damage.
You hit Natasha.
Natasha is heavily wounded.
Natasha closely misses you.
You closely miss Natasha.
Natasha is heavily wounded.
Natasha claws you but does no damage.
You closely miss Natasha.
Natasha is heavily wounded.
Natasha casts a spell at you.
You feel yourself slow down.
Natasha stares at you and mumbles some strange words.
The magic dart hits you.
* * * LOW HITPOINT WARNING * * *
You completely miss Natasha.
Natasha is heavily wounded.
Natasha claws you.
* * * LOW HITPOINT WARNING * * *
Natasha misses you.
You completely miss Natasha.
Natasha is heavily wounded.
Natasha barely misses you.
You barely miss Natasha.
Natasha is heavily wounded.
Natasha claws you but does no damage. Natasha claws you!
You die...
Natasha curls up and begins to purr.

.............# .....
.5...........# ...#
.5....(......# ..#
....#........# # #.#
55..'......g.#.# #.#
....#..........# #.#
....#.....รท.#### #.#
....#.......#######.######
.##.#..........h@........#
.##....############.####.#
)#####...# #......## .#
###.# #.......# #.##
#.......# #..# #.......#
##.# #.(.....##### #.##
#..###).....# #..##
#..###.####.#


You could see Natasha.

Vanquished Creatures
  Robin (D:1)
  An adder (D:2)
  A worm (D:2)
  2 dart slugs (D:1)
  3 endoplasms
  2 giant cockroaches
  10 hobgoblins
  8 jackals
  3 quokkas (D:1)
  7 ball pythons
  7 bats
  2 frilled lizards (D:1)
  11 goblins
  6 kobolds
  3 rats
67 creatures vanquished.

Notes
Turn   | Place    | Note
-------+----------+-------------------------------------------
     0 | D:1      | grandjackal the Ogre Warper began the quest for the Orb.
     0 | D:1      | Reached XP level 1. HP: 22/22 MP: 3/3
    64 | D:1      | Reached XP level 2. HP: 29/29 MP: 5/5
   136 | D:1      | Reached skill level 3 in Fighting
   139 | D:1      | Learned a level 2 spell: Blink
   332 | D:1      | Found a faded altar of an unknown god.
   366 | D:1      | Reached XP level 3. HP: 37/37 MP: 7/7
   456 | D:1      | Learned a level 2 spell: Static Discharge
   796 | D:2      | Noticed Robin
   844 | D:2      | Reached XP level 4. HP: 32/48 MP: 8/8
   905 | D:1      | Killed Robin
   906 | D:1      | Reached skill level 1 in Air Magic
  1041 | D:2      | Reached skill level 4 in Fighting
  1630 | D:2      | Noticed Natasha
  1884 | D:2      | Slain by Natasha

Illustrated notes

Levels and vault maps discovered:
D:1:      dpeg_arrival_rooms_a, layout_basic,
          shapermc_ecumenical_altar_mp_vishouse
D:2:      layout_basic, uniq_natasha, uniq_robin

Skill      XL: |  1  2  3  4 |
---------------+-------------+-----
Maces & Flails | 2 |  2.0
Fighting       | 3 4 |  4.1
Translocations | 3 |  3.0
Spellcasting   | 3 |  3.5
Air Magic      | 1 |  1.3
Throwing       | |  1.0
Dodging        | |  2.1

Action                     |  1- 3 |  4- 6 || total
---------------------------+-------+-------++-------
  Melee: Mace              |   120 |   131 ||   251
         Punch             |     2 |     2 ||     4
   Cast: Blink             |       |     2 ||     2
 Armour: Robe              |   112 |   130 ||   242
  Dodge: Dodged            |    90 |    75 ||   165

Table legend: (Time is in decaauts)
 A = Elapsed time spent in this place.
 B = Non-inter-level travel time spent in this place.
 C = Inter-level travel time spent in this place.
 D = Time resting spent in this place.
 E = Time spent auto-exploring this place.
 F = Levels seen in this place.
 G = Mean time per level.
                   A        B        C        D        E       F      G
               +--------+--------+--------+--------+--------+-----+--------+
         Total |   1967 |   1890 |     77 |    676 |    578 |   2 |  983.5 |
       Dungeon |   1967 |   1890 |     77 |    676 |    578 |   2 |  983.5 |
               +--------+--------+--------+--------+--------+-----+--------+

Top non-repeatable levels by time:
     D:1: 1380 daAuts
     D:2: 586 daAuts
